 Dungeon Crawl Stone Soup version 0.28-a0-1506-g3893175d92 (webtiles) character file.

Game seed: 2605819034320046420

8 knot the Chopper (level 2, 15/24 HPs)
             Began as a Demonspawn Berserker on Jan 14, 2022.
             Was a Follower of Trog.
             Quit the game on level 1 of the Dungeon.
             The game lasted 00:00:10 (228 turns).

knot the Chopper (Demonspawn Berserker)              Turns: 228, Time: 00:00:11

Health: 15/24      AC:  2    Str: 17    XL:     2   Next: 0%
Magic:  2/2        EV: 12    Int:  8    God:    Trog [*.....]
Gold:   11         SH:  0    Dex: 12    Spells: 1/1 levels left

rFire   . . .      SeeInvis .   a - +0 hand axe
rCold   . . .      Faith    .   (no shield)
rNeg    . . .      Spirit   .   b - +0 animal skin
rPois   .          Reflect  .   (no helmet)
rElec   .          Harm     .   (no cloak)
rCorr   .          Rampage  .   (no gloves)
Will    .....                   (no boots)
Stlth   +.........              (no amulet)
HPRegen 0.08/turn               (no ring)
MPRegen 0.08/turn               (no ring)

@: no status effects
A: spiny 1
a: Renounce Religion, Berserk


You were on level 1 of the Dungeon.
You worshipped Trog.
Trog was aware of your devotion.
You visited 1 branch of the dungeon, and saw 1 of its levels.

You collected 11 gold pieces.

Inventory:

Hand Weapons
 a - a +0 hand axe (weapon)
Missiles
 g - 30 stones (quivered)
Armour
 b - a +0 animal skin (worn)
Scrolls
 e - a scroll of identify {unknown}
 f - a scroll of immolation {unknown}
 h - a scroll of enchant armour {unknown}
Potions
 c - a potion of flight {unknown}
 d - a potion of mutation {unknown}


   Skills:
 - Level 3.0 Fighting
 + Level 3.2 Axes
 - Level 1.7 Armour
 - Level 1.7 Dodging


You had one spell level left.
You didn't know any spells.
Your spell library was empty.

Dungeon Overview and Level Annotations

Branches:
Dungeon (1/15)

Altars:


Innate Abilities, Weirdness & Mutations

You are partially covered in sharp spines.


Message History

You hit the dart slug but do no damage.
The dart slug is almost dead.
You hit the bat.
You kill the bat!
Trog accepts your kill.
You hit the dart slug.
You kill the dart slug!
Trog accepts your kill.
Your Axes skill increases to level 3!
No target in view!
No target in view!
g - 30 stones (gained 15)
h - a scroll labelled MEPRUTT COZXIC A frilled lizard comes into view.
The frilled lizard hisses angrily.
You hear a shout!
You hear an angry hiss.
You hear a shout!
A hobgoblin, a frilled lizard and a goblin come into view.
Found a stone staircase leading down.
The hobgoblin shouts!
The frilled lizard hisses angrily.
The goblin shouts!
There are monsters nearby!
You hit the frilled lizard.
You kill the frilled lizard!
Trog accepts your kill. The goblin hits you with a +0 dagger.
You miss the frilled lizard. You hit the goblin.
The goblin hits you with a +0 dagger. The frilled lizard barely misses you.
You closely miss the goblin.
The goblin is moderately wounded.
You completely miss the frilled lizard. You closely miss the hobgoblin.
The hobgoblin misses you. The goblin barely misses you.
The frilled lizard closely misses you.
You slash the goblin!
You kill the goblin!
Trog accepts your kill.
You closely miss the hobgoblin. You miss the frilled lizard.
The hobgoblin hits you. The frilled lizard misses you. The hobgoblin hits you.
You have reached level 2!
Your demonic ancestry asserts itself...
Sharp spines emerge from parts of your body.
Are you sure you want to abandon this character and quit the game? (Confirm with "yes".)

.###..###.###..##.# .#
..................##.###
...####....#..#.........
.####...##.#.##.........
.## #.# ##.#.##.#.......
..# #.# #.#.##.........
#.###.# #...#..........
#..##.####.....#........
##.##.##...#####@g......
#....##.### #l)......
#..####.# ##.......
#..###..# .......
##......## .......
#.......######## ...>...
####..#......... .......
#..########## .......
####


You could see a hobgoblin and a frilled lizard.

Vanquished Creatures
  2 dart slugs (D:1)
  A goblin (D:1)
  A bat (D:1)
  A frilled lizard (D:1)
5 creatures vanquished.

Notes
Turn   | Place    | Note
-------+----------+-------------------------------------------
     0 | D:1      | knot the Demonspawn Berserker began the quest for the Orb.
     0 | D:1      | Reached XP level 1. HP: 18/18 MP: 1/1
   228 | D:1      | Gained mutation: You are partially covered in sharp spines.
                  | [demonic ancestry]
   228 | D:1      | Reached XP level 2. HP: 15/24 MP: 2/2
   228 | D:1      | Quit the game

Illustrated notes

Levels and vault maps discovered:
D:1:      lemuel_arrival_rhombus, layout_rooms

Skill      XL: |  1 |
---------------+----+-----
Axes           | 3 |  3.2
Fighting       | |  3.0
Armour         | |  1.7
Dodging        | |  1.7

Action                   || total
-------------------------++-------
Melee: Hand axe          ||    13
Armor: Animal skin       ||     2
Dodge: Dodged            ||     9

Table legend: (Time is in decaauts)
 A = Elapsed time spent in this place.
 B = Non-inter-level travel time spent in this place.
 C = Inter-level travel time spent in this place.
 D = Time resting spent in this place.
 E = Time spent auto-exploring this place.
 F = Levels seen in this place.
 G = Mean time per level.
                   A        B        C        D        E       F      G
               +--------+--------+--------+--------+--------+-----+--------+
         Total |    229 |    229 |      0 |      0 |    196 |   1 |  229.0 |
       Dungeon |    229 |    229 |      0 |      0 |    196 |   1 |  229.0 |
               +--------+--------+--------+--------+--------+-----+--------+

Top non-repeatable levels by time:
     D:1: 229 daAuts
